 Dungeon Crawl Stone Soup version 0.28.0 (webtiles) character file.

Game seed: 17995013940612924812

392 bande the Covered (level 6, 0/38 HPs)
             Began as a Gargoyle Fighter on Feb 16, 2022.
             Slain by a kobold brigand (4 damage)
             ... on level 8 of the Dungeon.
             The game lasted 00:06:47 (4568 turns).

bande the Covered (Gargoyle Fighter)                Turns: 4568, Time: 00:06:47

Health: 0/38       AC: 14    Str: 20    XL:     6   Next: 80%
Magic:  6/6        EV:  9    Int:  8    God:
Gold:   173        SH:  4    Dex: 11    Spells: 5/5 levels left

rFire   . . .      SeeInvis .   a - +0 war axe
rCold   . . .      Faith    .   c - +0 buckler
rNeg    + . .      Spirit   .   b - +0 scale mail
rPois   ∞          Reflect  .   n - +0 helmet
rElec   +          Harm     .   f - +0 cloak
rCorr   .          Rampage  .   (no gloves)
Will    .....                   (no boots)
Stlth   ..........              (no amulet)
HPRegen 0.12/turn               (no ring)
MPRegen 0.10/turn               (no ring)

@: no status effects
A: sickness immunity, AC +4, negative energy resistance 1, electricity
resistance, torment resistance 1, petrification resistance
a: no special abilities


You were on level 8 of the Dungeon.
You visited 1 branch of the dungeon, and saw 6 of its levels.

You collected 173 gold pieces.

Inventory:

Hand Weapons
 a - a +0 war axe (weapon)
 m - a +0 flail
Armour
 b - a +0 scale mail (worn)
 c - a +0 buckler (worn)
 f - a +0 cloak (worn)
 h - a scarf of invisibility
 n - a +0 helmet (worn)
Wands
 k - a wand of polymorph (10)
Potions
 d - 2 potions of might
 e - 3 potions of heal wounds
 g - 3 potions of haste
 i - a potion of cancellation
 j - 4 potions of curing
 l - a potion of flight {unknown}
 o - a potion of mutation {unknown}


   Skills:
 + Level 4.2 Fighting
 + Level 4.4 Axes
 + Level 4.8 Armour
 + Level 4.0 Shields
 * Level 1.5 Evocations


You had 5 spell levels left.
You didn't know any spells.
Your spell library contained the following spells:

 Spells                   Type           Power      Damage    Failure   Level
 Static Discharge         Conj/Air       0%         N/A       93%         2
 Lightning Bolt           Conj/Air       0%         1d11      100%        5
 Maxwell's Capacitive Co  Air            0%         ∞         100%        8


Dungeon Overview and Level Annotations

Branches:
Dungeon (5/15)
 Temple: D:4-7

Altars:


Innate Abilities, Weirdness & Mutations

You are immune to sickness and miasma.
Your stone body is resilient. (AC +4)
You are immune to poison.
You resist negative energy. (rN+)
You are resistant to electric shocks. (rElec)
You are resistant to unholy torment.
You are immune to petrification.


Message History

You block the kobold brigand's attack. The kobold hits you but does no damage.
The bullfrog hits you. You block the kobold brigand's attack.
You barely miss the bullfrog. You hit the kobold.
You kill the kobold!
You hit the kobold brigand.
The bullfrog hits you but does no damage. x2
The kobold brigand hits you with a +0 short sword.
Unknown command.
You slash the bullfrog!
The bullfrog is heavily wounded.
You hit the kobold brigand but do no damage.
You hit the centaur zombie. The centaur zombie barely misses you.
The centaur zombie kicks you but does no damage.
The bullfrog hits you.
The kobold brigand hits you with a +0 short sword.
The bullfrog hits you but does no damage.
The centaur zombie closely misses you.
The centaur zombie kicks you but does no damage.
You barely miss the bullfrog.
The bullfrog is moderately wounded.
You hit the centaur zombie. You barely miss the kobold brigand.
The bullfrog hits you.
* * * LOW HITPOINT WARNING * * *
The centaur zombie hits you but does no damage.
You block the centaur zombie's attack.
The kobold brigand hits you with a +0 short sword.
* * * LOW HITPOINT WARNING * * *
The bullfrog hits you.
* * * LOW HITPOINT WARNING * * *
You block the centaur zombie's attack. x2
The kobold brigand completely misses you.
You slash the kobold brigand!
The kobold brigand is almost dead.
You hit the bullfrog. You hit the centaur zombie.
The bullfrog hits you but does no damage.
The centaur zombie hits you but does no damage.
The centaur zombie kicks you but does no damage.
The bullfrog hits you but does no damage.
The kobold brigand hits you with a +0 short sword.
You die...

.# .# # .
.#. .##.#.
.... ...#
#..# #FZ#
#@K# #..#
#..#
########..#
#.........#
#........##
#..#######
#>. #..


You could see a kobold brigand, a bullfrog and a centaur zombie.

Vanquished Creatures
  A water moccasin (D:8)
  A sky beast (D:4)
  A hound (D:4)
  An orc priest (D:3)
  An iguana (D:4)
  2 adders
  2 worms
  2 dart slugs (D:1)
  6 orcs
  3 ball pythons
  4 endoplasms
  6 giant cockroaches
  2 goblins
  9 hobgoblins
  4 jackals (D:4)
  9 kobolds
  A quokka (D:1)
  10 bats
  5 frilled lizards
  5 rats
75 creatures vanquished.

Vanquished Creatures (others)
  11 fungi (D:4)
11 creatures vanquished.

Grand Total: 86 creatures vanquished

Notes
Turn   | Place    | Note
-------+----------+-------------------------------------------
     0 | D:1      | bande the Gargoyle Fighter began the quest for the Orb.
     0 | D:1      | Reached XP level 1. HP: 14/14 MP: 1/1
   308 | D:1      | Reached XP level 2. HP: 16/19 MP: 2/2
   890 | D:1      | Reached XP level 3. HP: 22/24 MP: 3/3
  1149 | D:2      | Found a faded altar of an unknown god.
  1938 | D:3      | Reached XP level 4. HP: 24/29 MP: 4/4
  3311 | D:4      | Noticed a sky beast
  3322 | D:4      | Killed a sky beast
  3323 | D:4      | Reached XP level 5. HP: 29/33 MP: 5/5
  3593 | D:4      | Reached skill level 1 in Evocations
  3593 | D:4      | Reached XP level 6. HP: 38/38 MP: 6/6
  4456 | D:5      | Entered Level 5 of the Dungeon
  4485 | D:5      | You fall into a shaft and drop 3 floors!
  4485 | D:8      | Noticed a water moccasin
  4495 | D:8      | Killed a water moccasin
  4568 | D:8      | Slain by a kobold brigand

Illustrated notes

Levels and vault maps discovered:
D:1:      dpeg_arrival_rooms_with_view, layout_basic
D:2:      layout_basic, hellmonk_ecumenical_altar_heavens_door,
          minmay_pentomino_r2
D:3:      layout_loops_ring
D:4:      layout_basic, serial_aquarium, aquarium_bridge_square
          [aquarium_subvault_wall, aquarium_subvault_bridge,
          aquarium_subvault_bridge, aquarium_subvault_bridge],
          aquarium_window_fake, aquarium_window_corner, aquarium_view_4,
          aquarium_view_2f, aquarium_pool_2
D:5:      layout_loops_ring, minmay_temple_entry_fiery, ebering_ghost_gozag,
          uniq_menkaure
D:8:      layout_loops_ring, enter_bailey_4

Skill      XL: |  1  2  3  4  5  6 |
---------------+-------------------+-----
Axes           | 2 3 4 |  4.4
Fighting       | 4 |  4.2
Armour         | 4 |  4.8
Evocations     | 1 |  1.5
Shields        | 4 |  4.0

Action                   |  1- 3 |  4- 6 || total
-------------------------+-------+-------++-------
Melee: War axe           |   145 |   124 ||   269
  Use: Scroll            |     7 |     2 ||     9
Armor: Scale mail        |   111 |    85 ||   196
Dodge: Dodged            |    94 |    55 ||   149
Block: Buckler           |    33 |    39 ||    72
